 Dungeon Crawl Stone Soup version 0.29-a0-993-g4a18f31a58 (webtiles) character file.

Game seed: 16098205294995473621

4923 jlumianski the Protected (level 10, -1/86 HPs)
             Began as a Minotaur Fighter on Aug 2, 2022.
             Was an Elder of Qazlal.
             Killed from afar by a swamp worm (4 damage)
             ... with a harpoon shot
             ... on level 8 of the Dungeon.
             The game lasted 00:39:16 (9875 turns).

jlumianski the Protected (Minotaur Fighter)         Turns: 9875, Time: 00:39:18

Health: -1/86      AC: 19    Str: 25    XL:     10   Next: 27%
Magic:  8/13       EV:  7    Int:  5    God:    Qazlal [****..]
Gold:   260        SH: 10    Dex: 10    Spells: 9/9 levels left

rFire   . . .      SeeInvis .   s - +0 quick blade (flame)
rCold   + . .      Faith    .   c - +0 buckler
rNeg    . . .      Spirit   .   r - +2 plate armour {rPois}
rPois   +          Reflect  .   (helmet restricted)
rElec   .          Harm     .   F - +0 cloak
rCorr   .          Rampage  .   I - +1 pair of gloves
Will    .....                   (no boots)
Stlth   ..........              (no amulet)
HPRegen 0.24/turn               M - ring of protection from cold
MPRegen 0.13/turn               (no ring)

@: repel missiles
A: horns 2, retaliatory headbutt
a: Renounce Religion, Upheaval, Elemental Force


You were on level 8 of the Dungeon.
You worshipped Qazlal.
Qazlal was greatly pleased with you.
You visited 1 branch of the dungeon, and saw 9 of its levels.
You also visited: Sewer and Ossuary.

You collected 408 gold pieces.
You spent 148 gold pieces at shops.

Inventory:

Hand Weapons
 a - a +0 war axe
 f - a +1 short sword of holy wrath
 j - a +1 vorpal flail
 s - a +0 quick blade of flaming (weapon)
 D - a +3 quarterstaff of chaos
 P - a +2 whip of holy wrath
Missiles
 m - a curare-tipped dart
 u - 15 poisoned darts (quivered)
 x - 11 atropa-tipped darts
 y - 4 boomerangs
 S - 5 javelins
Armour
 b - a +0 scale mail
 c - a +0 buckler (worn)
 q - a +0 plate armour
 r - a +2 plate armour of poison resistance (worn)
 F - a +0 cloak (worn)
 I - a +1 pair of gloves (worn)
 K - a +0 helmet
 L - the +0 robe of the Slightly Bent {Harm rF+ SInv}
   (You found it on level 6 of the Dungeon)

   rF:        It protects you from fire.
   SInv:      It lets you see invisible.
   Harm:      It increases damage dealt and taken.
Magical Staves
 i - a staff of conjuration
 T - a staff of air
Jewellery
 M - a ring of protection from cold (left hand)
 U - a +4 ring of evasion
Wands
 k - a wand of mindburst (11)
 G - a wand of digging (8)
 H - a wand of charming (9)
 O - a wand of iceblast (5)
Scrolls
 e - 3 scrolls of blinking
 o - 4 scrolls of teleportation
 t - 3 scrolls of brand weapon
 A - 2 scrolls of silence
 J - a scroll of amnesia
 N - a scroll of summoning
 V - a scroll of poison
Potions
 d - 3 potions of might
 g - 3 potions of attraction
 h - a potion of mutation
 l - 2 potions of brilliance
 n - 5 potions of flight
 p - a potion of magic
 v - a potion of resistance
 w - a potion of invisibility
 z - 2 potions of degeneration
 C - 4 potions of curing
 E - 4 potions of berserk rage
 Q - a potion of cancellation {unknown}
 R - a potion of lignification
Miscellaneous
 B - a phantom mirror


   Skills:
 + Level 7.2 Fighting
 - Level 8.0 Short Blades
 - Level 3.0 Axes
 + Level 1.1 Throwing
 + Level 8.9 Armour
 + Level 1.4 Dodging
 + Level 8.3 Shields
 * Level 5.5 Invocations
 * Level 4.4 Evocations


You had 9 spell levels left.
You didn't know any spells.
Your spell library contained the following spells:

 Spells                   Type           Power      Damage    Failure   Level
 Apportation              Tloc           0%         N/A       100%        1
 Foxfire                  Conj/Fire      0%         2x1d4     100%        1
 Ensorcelled Hibernation  Hex/Ice        0%         N/A       100%        2
 Passwall                 Tmut/Erth      0%         N/A       100%        2
 Conjure Flame            Conj/Fire      0%         6-21      100%        3
 Inner Flame              Hex/Fire       0%         N/A       100%        3
 Ozocubu's Armour         Ice            0%         N/A       100%        3
 Swiftness                Air            0%         N/A       100%        3
 Animate Armour           Summ/Erth      0%         N/A       100%        4
 Flame Wave               Conj/Fire      0%         2d4       100%        4
 Alistair's Intoxication  Tmut/Pois      0%         N/A       100%        5
 Blade Hands              Tmut           0%         N/A       100%        5
 Iron Shot                Conj/Erth      0%         9d1       100%        6
 Ozocubu's Refrigeration  Ice            0%         4d7       100%        7


Dungeon Overview and Level Annotations

Branches:
Dungeon (9/15)             Temple (0/1) D:6           Sewer (visited)
Ossuary (visited)
   Lair: D:8-11         Orc: D:9-12

Altars:
Ashenzari
Gozag
Hepliaklqana
Kikubaaqudgha
Nemelex Xobeh
Qazlal
Trog
Uskayaw
Zin

Shops:
D:6 ?   D:7 [


Innate Abilities, Weirdness & Mutations

You have a pair of horns on your head.
You reflexively headbutt those who attack you in melee.


Message History

You block the swamp worm's attack.
The swamp worm attacks as you move away!
The swamp worm barely misses you.
The swamp worm fires a harpoon shot at you.
You block the harpoon shot.
You see here 4 stones.
The swamp worm fires a harpoon shot at you.
You block the harpoon shot.
The swamp worm is engulfed in freezing vapours.
The swamp worm fires a harpoon shot at you.
The harpoon shot hits you.
* * * LOW HITPOINT WARNING * * *
You are yanked forward by the harpoon shot.
You enter the shallow water.
Moving in this stuff is going to be slow.
You block the swamp worm's attack.
The swamp worm attacks as you move away!
The swamp worm closely misses you. You furiously retaliate!
You headbutt the swamp worm. You block the swamp worm's attack.
The swamp worm attacks as you move away!
The swamp worm barely misses you.
The swamp worm fires a harpoon shot at you.
The harpoon shot hits you.
You are yanked forward by the harpoon shot.
The swamp worm completely misses you.
Activating: Elemental Force (10% risk of failure)
Press: ? - help, Dir - look around, f - activate Clouds arounds you coalesce and take form!
You block the swamp worm's attack. The swamp worm bites you!
* * * LOW HITPOINT WARNING * * *
The swamp worm fires a harpoon shot at you.
You block the harpoon shot.
Your air elemental barely misses the swamp worm.
The swamp worm attacks as you move away!
The swamp worm bites you!
* * * LOW HITPOINT WARNING * * *
Your air elemental misses the swamp worm.
The swamp worm fires a harpoon shot at you.
The harpoon shot hits you.
You die...

#.# #...w(......## #.#
#.###~~~~~#..## #.#
########.#.~~≈~≈~~...#
#.#
.........~~~~###~~~~.#
#.##############.○~≈###
###≈~~#
#............).w.E≈##
#~~~#
..#########....○w~○#
?~~~~# .[###.#
#......E§## ~~#~~~.
......#
#....☼@~~~###~###≈~~.#
.)(##.# #......○~~~~###
~~~..# .)..#.#
#####...##~~≈~≈~~##.##
....#.#####..........~~~~
#>..#..........<#.######
#...#######.#...#.#
#.###.........#.#.#
......#####.#...#.#
#.#########.#.###.#


You could see 2 swamp worms, a friendly water elemental (summoned) and a
friendly air elemental (summoned).

Vanquished Creatures
  Maggie (D:7)
  Grinder (D:6)
  A wyvern (D:7)
  5 yaks
  A water moccasin (D:8)
  A swamp worm (D:8)
  4 ice beasts
  3 ogres
  A sky beast (D:7)
  A centaur (D:7)
  2 phantoms
  3 elf zombies (Ossuary)
  A kobold brigand (D:7)
  9 bullfrogs
  A necrophage (D:4)
  A scorpion (D:7)
  A wight (D:7)
  4 killer bees
  2 howler monkeys (D:8)
  3 centaur zombies (Ossuary)
  4 hounds
  6 orc priests
  3 jellies
  2 gnoll boudas (D:7)
  Crazy Yiuf (D:4)
  2 iguanas
  A hell rat (Sewer)
  5 orc wizards
  2 mummies (Ossuary)
  8 gnolls
  8 adders
  A river rat (Sewer)
  2 shadow imps
  A white imp (D:7)
  2 ufetubi
  2 adder zombies (Ossuary)
  2 worms
  2 dart slugs (D:1)
  39 orcs
  6 ball pythons
  2 bats
  9 endoplasms
  2 giant cockroaches
  2 goblins
  6 hobgoblins
  A jackal (D:2)
  8 kobolds
  5 quokkas
  5 frilled lizards
  A goblin zombie (Ossuary)
  13 hobgoblin zombies (Ossuary)
  2 jackal zombies (Ossuary)
  3 kobold zombies (Ossuary)
  10 orc zombies (Ossuary)
  7 rats
  A bush (D:4)
222 creatures vanquished.

Vanquished Creatures (others)
  4 plants (D:8)
4 creatures vanquished.

Grand Total: 226 creatures vanquished

Notes
Turn   | Place    | Note
-------+----------+-------------------------------------------
     0 | D:1      | jlumianski the Minotaur Fighter began the quest for the
                  | Orb.
     0 | D:1      | Reached XP level 1. HP: 19/19 MP: 0/0
   231 | D:1      | Reached XP level 2. HP: 27/27 MP: 1/1
   535 | D:1      | Reached XP level 3. HP: 33/33 MP: 2/2
  1413 | D:2      | Reached XP level 4. HP: 41/41 MP: 3/3
  1923 | D:3      | Found a stormy altar of Qazlal.
  1938 | D:3      | Became a worshipper of Qazlal Stormbringer
  2082 | D:3      | Reached skill level 1 in Short Blades
  2133 | D:3      | Found a faded altar of an unknown god.
  2564 | D:4      | Noticed an ogre
  2572 | D:4      | Killed an ogre
  2573 | D:4      | Reached skill level 5 in Armour
  2573 | D:4      | Reached XP level 5. HP: 31/47 MP: 4/4
  2996 | D:3      | Reached XP level 6. HP: 18/55 MP: 5/5
  3037 | D:4      | Reached skill level 5 in Fighting
  3037 | D:4      | Found a glowing drain.
  3061 | Sewer    | Entered a sewer
  3103 | Sewer    | Reached * piety under Qazlal
  3541 | D:5      | Entered Level 5 of the Dungeon
  3741 | D:4      | Reached skill level 1 in Evocations
  3779 | D:4      | Reached XP level 7. HP: 57/61 MP: 6/6
  3888 | D:4      | Found a hazy altar of Hepliaklqana.
  3891 | D:4      | Found a bloodstained altar of Trog.
  4033 | D:4      | Reached skill level 1 in Invocations
  4283 | D:4      | Found a runed translucent door.
  4284 | D:4      | Noticed Crazy Yiuf
  4291 | D:4      | Killed Crazy Yiuf
  4658 | D:5      | Reached skill level 5 in Shields
  4779 | D:5      | Reached skill level 5 in Short Blades
  5232 | D:5      | Reached ** piety under Qazlal
  5671 | D:6      | Noticed Grinder
  5683 | D:6      | Killed Grinder
  5684 | D:6      | Reached XP level 8. HP: 61/68 MP: 8/8
  6027 | D:6      | Identified the +0 robe of the Slightly Bent {Harm rF+ SInv}
  6065 | D:6      | Found a staircase to the Ecumenical Temple.
  6066 | D:6      | Found Cuuzodofi's Magic Scroll Boutique.
  6073 | D:6      | Bought a scroll of identify for 22 gold pieces
  6073 | D:6      | Bought a scroll of summoning for 104 gold pieces
  6073 | D:6      | Bought a scroll of identify for 22 gold pieces
  6527 | D:7      | Found a sand-covered staircase.
  6532 | Ossuary  | Entered an ossuary
  6713 | Ossuary  | Reached *** piety under Qazlal
  6787 | Ossuary  | Reached XP level 9. HP: 74/75 MP: 10/10
  7036 | D:7      | Found Qessi's Antique Armour Boutique.
  7664 | D:7      | Reached skill level 1 in Dodging
  8032 | D:7      | Noticed Maggie
  8080 | D:7      | Killed Maggie
  8081 | D:7      | Reached skill level 1 in Throwing
  8195 | D:7      | Reached **** piety under Qazlal
  8208 | D:7      | Found a glowing silver altar of Zin.
  8278 | D:7      | Found an ancient bone altar of Kikubaaqudgha.
  8520 | D:7      | Found an opulent altar of Gozag.
  8586 | D:8      | Found a sparkling altar of Nemelex Xobeh.
  8642 | D:8      | Found a hide-covered altar of Uskayaw.
  8690 | D:8      | Found a broken altar of Ashenzari.
  8762 | D:7      | Reached skill level 5 in Invocations
  8851 | D:7      | Reached XP level 10. HP: 47/86 MP: 12/12
  9875 | D:8      | HP: 3/86 [swamp worm (7)]
  9875 | D:8      | Killed from afar by a swamp worm

Illustrated notes

Levels and vault maps discovered:
D:1:      dpeg_arrival_brainrot, layout_loops_ring
D:2:      layout_loops_cross
D:3:      layout_rooms, lemuel_doored_altar,
          chequers_ecumenical_altar_simple_redux
D:4:      layout_cave_pools, chequers_temple_overflow_statue_of_worship,
          gup_sewer_entry_glass, uniq_crazy_yiuf_cottage
D:5:      layout_basic
D:6:      layout_loops_ring, temple_statues, serial_shops, shop, uniq_grinder
D:7:      minmay_bubble_buster, layout_basic,
          pdpol_temple_overflow_zin_treasury_gozag_greed,
          nicolae_kikubaaqudgha_miasma_corner, serial_shops, shop_fountains,
          enter_ossuary_2, hangedman_abyss_or_decor_stagger, uniq_maggie
D:8:      layout_basic, general_overflow_altar, mainiacjoe_overflow_swirl,
          worms_lemuel, uniq_joseph
D:9:      layout_loops_corners, yredelemnul_forgotten_temple_becter,
          chequers_temple_overflow_minitemple, orc_0_dummy,
          minmay_misc_feat_pillars, chequers_serial_rivers_small_b,
          nicolae_take_the_stairs, uniq_erica, uniq_gastronok

Skill      XL: |  1  2  3  4  5  6  7  8  9 10 |
---------------+-------------------------------+-----
Fighting       | 4 5 7 |  7.2
Armour         | 4 5 6 7 8 |  8.9
Shields        | 4 5 7 8 |  8.3
Axes           | 3 |  3.0
Short Blades   | 2 3 4 5 7 8 |  8.0
Evocations     | 1 2 4 |  4.4
Invocations    | 2 3 5 |  5.5
Dodging        | 1 |  1.4
Throwing       | 1 |  1.1

Action                   |  1- 3 |  4- 6 |  7- 9 | 10-12 || total
-------------------------+-------+-------+-------+-------++-------
Melee: War axe           |    57 |       |       |       ||    57
       Headbutt          |     9 |    66 |   232 |    35 ||   342
       Quick blade       |    22 |   312 |   829 |   129 ||  1292
Throw: Dart              |       |     2 |     5 |       ||     7
Invok: Elemental Force   |       |       |       |     1 ||     1
Evoke: Phantom mirror    |       |       |     1 |       ||     1
       Wand              |       |       |     1 |       ||     1
  Use: Scroll            |       |    10 |    10 |     1 ||    21
       Potion            |       |     5 |     1 |       ||     6
 Stab: Paralysed         |       |       |     4 |       ||     4
Armor: Scale mail        |    27 |       |       |       ||    27
       Plate armour      |    22 |   116 |   180 |    46 ||   364
Dodge: Dodged            |    28 |    46 |    93 |    20 ||   187
Block: Buckler           |    14 |    33 |   127 |    38 ||   212

Table legend: (Time is in decaauts)
 A = Elapsed time spent in this place.
 B = Non-inter-level travel time spent in this place.
 C = Inter-level travel time spent in this place.
 D = Time resting spent in this place.
 E = Time spent auto-exploring this place.
 F = Levels seen in this place.
 G = Mean time per level.
                   A        B        C        D        E       F      G
               +--------+--------+--------+--------+--------+-----+--------+
         Total |   9264 |   9046 |    218 |   1110 |   5027 |  11 |  842.2 |
       Dungeon |   8621 |   8403 |    218 |    972 |   5016 |   9 |  957.9 |
         Sewer |    275 |    275 |      0 |    138 |      4 |   1 |  275.0 |
       Ossuary |    366 |    366 |      0 |      0 |      7 |   1 |  366.0 |
               +--------+--------+--------+--------+--------+-----+--------+

Top non-repeatable levels by time:
     D:7: 1801 daAuts
     D:4: 1221 daAuts
     D:3: 1213 daAuts
     D:5: 1019 daAuts
     D:1: 973 daAuts
     D:8: 845 daAuts
     D:2: 760 daAuts
     D:6: 684 daAuts
 Ossuary: 366 daAuts
   Sewer: 275 daAuts
     D:9: 101 daAuts
